 Dungeon Sprint DCSS version 0.30.1-11-g7821555f0a (webtiles) character file.

Game seed: 15161328924648473702

7424 boopmooplesden the Stickfighter (level 10, -26/157 HPs)
             Began as a Minotaur Gladiator on Nov 1, 2023.
             Was the Champion of Trog.
             Annihilated by a spriggan defender
             ... wielding a +3 rapier of speed
              (27 damage)
             ... in the Dungeon (Sprint VII: "The Pits").
             The game lasted 00:04:24 (1668 turns).

boopmooplesden the Stickfighter (MiGl)              Turns: 1668, Time: 00:04:25

Health: -26/157    AC: 20    Str: 22    XL:     10   Next: 93%
Magic:  3/3        EV: 13    Int:  5    God:    Trog [******]
Gold:   0          SH:  0    Dex: 13    Spells: 9/9 levels left

rFire   . . .        x - +4 lajatang (antimagic)
rCold   . . .        (shield currently unavailable)
rNeg    . . .        w - +4 chain mail
rPois   .            c - +0 hat
rElec   .            (no cloak)
rCorr   .            v - +0 pair of gloves
SInv    .            u - +0 pair of boots
Will    .....        (no amulet) Stlth
                     (no ring)
HPRegen 0.46/turn    (no ring)
MPRegen 0.08/turn

%: no teleportation
@: berserking (expiring), very quick
A: horns 2, retaliatory headbutt
a: Renounce Religion, Berserk, Trog's Hand, Brothers in Arms


You were in the Dungeon.
You worshipped Trog.
Trog was exalted by your worship.
You visited 1 branch

Inventory:

Hand Weapons
 a - a +0 quarterstaff
 l - a +2 quarterstaff
 p - a +2 quarterstaff of protection
 t - a +4 spectral quarterstaff
 x - a +4 antimagic lajatang (weapon)
Missiles
 d - 3 throwing nets (quivered)
 e - a javelin
Armour
 b - a +0 leather armour
 c - a +0 hat (worn)
 q - a +3 scale mail
 u - a +0 pair of boots (worn)
 v - a +0 pair of gloves (worn)
 w - a +4 chain mail (worn)
Jewellery
 r - a +3 ring of intelligence
 s - a +3 ring of evasion
Scrolls
 k - a scroll of blinking
 n - 5 scrolls of amnesia
 o - a scroll of butterflies
Potions
 f - 10 potions of curing
 g - 4 potions of heal wounds
 h - a potion of haste
 i - 4 potions of magic
 j - 4 potions of berserk rage
 m - 2 potions of invisibility


   Skills:
 + Level 15.1 Fighting
 + Level 19.6 Staves
 + Level 5.4 Throwing
 + Level 13.6 Armour
 + Level 12.0 Dodging
 + Level 3.1 Stealth


You had 9 spell levels left.
You didn't know any spells.
Your spell library was empty.

Dungeon Overview and Level Annotations

Branches:
Dungeon (1/1)

Altars:
Cheibriados
Dithmenos
Elyvilon
Fedhas
Gozag
Hepliaklqana
Makhleb
Nemelex Xobeh
Okawaru
Qazlal
Ru
Sif Muna
Trog
Vehumet
Wu Jian
Xom
Yredelemnul
Zin
The Shining One
Jiyva
Lugonu


Innate Abilities, Weirdness & Mutations

You have a pair of horns on your head.
You reflexively headbutt those who attack you in melee.


Message History

You hit the spriggan defender.
The spriggan defender is moderately wounded.
The spriggan defender hits you but does no damage.
You barely miss the spriggan defender.
The spriggan defender is moderately wounded.
The spriggan defender hits you with a +3 rapier of speed!!
The spriggan defender blocks your attack.
Your headbutt misses the spriggan defender.
The spriggan defender is moderately wounded.
The spriggan defender hits you with a +3 rapier of speed!
* * * LOW HITPOINT WARNING * * *
You chop the spriggan defender into pieces!!!
The spriggan defender is almost dead.
You hear a bleat!
The spriggan defender hits you with a +3 rapier of speed!
* * * LOW HITPOINT WARNING * * *
You miss the spriggan defender.
Your headbutt misses the spriggan defender.
The spriggan defender is almost dead.
The spriggan defender closely misses you.
You closely miss the spriggan defender.
The spriggan defender is almost dead.
The spriggan defender hits you with a +3 rapier of speed.
* * * LOW HITPOINT WARNING * * *
You barely miss the spriggan defender.
The spriggan defender is almost dead.
The spriggan defender hits you with a +3 rapier of speed!!
* * * LOW HITPOINT WARNING * * *
You miss the spriggan defender.
Your headbutt misses the spriggan defender.
The spriggan defender is almost dead.
The spriggan defender hits you but does no damage. x2
The spriggan defender blocks your attack.
The spriggan defender is severely wounded.
The spriggan defender hits you with a +3 rapier of speed!
* * * LOW HITPOINT WARNING * * *
You closely miss the spriggan defender.
The spriggan defender is severely wounded.
The spriggan defender hits you with a +3 rapier of speed!!
You die... .......+ #......# .......# ''###### ''############ ###### ......'..'...### ..m.. ......'..')))..## .Y.. .....##..##.))..## YYY#

...###....###.[)@#
.Y.#
..##........###i###..#
''#...#..#...#.c..#..#
..)).........'....c..+
')#...#..#...#....#..#
†.##........###.###.z#
.†)###....###....#
.c.#
.....##..##.....##
...# #.....'..'.....##
z...


You could see a spriggan defender and a centaur.

Vanquished Creatures
  A boulder beetle (D)
  A two-headed ogre (D)
  A flayed ghost (D)
  A bog body (D)
  A cane toad (D)
  A kobold demonologist (D)
  A polar bear (D)
  Prince Ribbit (D)
  6 vampire mosquitoes (D)
  A water moccasin (D)
  A floating eye (D)
  A swamp drake (D)
  A black bear (D)
  2 orc warriors (D)
  A centaur (D)
  A kobold brigand (D)
  A necrophage (D)
  A bullfrog (D)
  A gnoll sergeant (D)
  2 scorpions (D)
  A wight (D)
  4 orc priests (D)
  Terence (D)
  An orc wizard (D)
  A mummy (D)
  3 gnolls (D)
  An ufetubus (D)
  3 orcs (D)
  A bat (D)
  An endoplasm (D)
  2 giant cockroaches (D)
  3 jackals (D)
  A giant cockroach zombie (D)
  A kobold (D)
  A quokka skeleton (D)
  3 rats (D)
55 creatures vanquished.

Vanquished Creatures (collateral kills)
  A boulder beetle (D)
  A death yak (D)
  A manticore (D)
  A molten gargoyle (D)
  A red devil (D)
  A dream sheep (D)
  An acid dragon (D)
  2 orcs (D)
9 creatures vanquished.

Grand Total: 64 creatures vanquished

Notes
Turn   | Place    | Note
-------+----------+-------------------------------------------
     0 | D        | boopmooplesden the Minotaur Gladiator began the quest for
                  | the Orb.
     0 | D        | Reached XP level 1. HP: 18/18 MP: 0/0
    42 | D        | Found a bloodstained altar of Trog.
    42 | D        | Found a shimmering blue altar of Sif Muna.
    42 | D        | Found a viscous altar of Jiyva.
    42 | D        | Found a hazy altar of Hepliaklqana.
    42 | D        | Found an opulent altar of Gozag.
    43 | D        | Found a glowing golden altar of the Shining One.
    43 | D        | Found a glowing silver altar of Zin.
    43 | D        | Found a basalt altar of Yredelemnul.
    43 | D        | Found a shimmering altar of Xom.
    43 | D        | Found an ornate altar of the Wu Jian Council.
    43 | D        | Found a sacrificial altar of Ru.
    43 | D        | Found a stormy altar of Qazlal.
    43 | D        | Found an iron altar of Okawaru.
    43 | D        | Found a sparkling altar of Nemelex Xobeh.
    43 | D        | Found a burning altar of Makhleb.
    43 | D        | Found a blossoming altar of Fedhas.
    43 | D        | Found a white marble altar of Elyvilon.
    43 | D        | Found a shadowy altar of Dithmenos.
    43 | D        | Found a snail-covered altar of Cheibriados.
    45 | D        | Found a corrupted altar of Lugonu.
    45 | D        | Found a radiant altar of Vehumet.
    46 | D        | Became a worshipper of Trog the Wrathful
    54 | D        | Noticed a scorpion
    58 | D        | Killed a scorpion
    59 | D        | Reached skill level 6 in Staves
    59 | D        | Reached skill level 5 in Dodging
    59 | D        | Reached XP level 2. HP: 20/27 MP: 1/1
    59 | D        | Reached XP level 3. HP: 24/33 MP: 2/2
   121 | D        | Reached * piety under Trog
   125 | D        | Noticed a scorpion
   128 | D        | Killed a scorpion
   129 | D        | Reached skill level 8 in Staves
   129 | D        | Reached skill level 1 in Armour
   129 | D        | Reached XP level 4. HP: 41/41 MP: 3/3
   129 | D        | Noticed a black bear
   132 | D        | Reached ** piety under Trog
   136 | D        | Killed a black bear
   137 | D        | Reached skill level 5 in Fighting
   137 | D        | Reached skill level 9 in Staves
   137 | D        | Reached XP level 5. HP: 48/48 MP: 4/4
   200 | D        | Noticed Terence
   208 | D        | Killed Terence
   208 | D        | Reached *** piety under Trog
   209 | D        | Reached skill level 10 in Staves
   213 | D        | Noticed a water moccasin
   217 | D        | Reached XP level 6. HP: 57/57 MP: 5/5
   225 | D        | Killed a water moccasin
   225 | D        | Reached **** piety under Trog
   226 | D        | Reached skill level 11 in Staves
   227 | D        | Reached skill level 12 in Staves
   247 | D        | Noticed an orc warrior
   252 | D        | Killed an orc warrior
   253 | D        | Reached XP level 7. HP: 56/66 MP: 6/6
   255 | D        | Noticed a boulder beetle
   429 | D        | Reached skill level 13 in Staves
   432 | D        | Reached ***** piety under Trog
   440 | D        | Noticed a bog body
   440 | D        | Noticed a cane toad
   450 | D        | Killed a cane toad
   451 | D        | Reached skill level 14 in Staves
   451 | D        | Reached skill level 5 in Throwing
   451 | D        | Reached skill level 5 in Armour
   451 | D        | Reached skill level 10 in Dodging
   451 | D        | Reached XP level 8. HP: 75/75 MP: 7/7
   457 | D        | Killed a bog body
   458 | D        | Reached skill level 15 in Staves
   598 | D        | Killed a boulder beetle
   599 | D        | Reached skill level 10 in Fighting
   599 | D        | Reached skill level 16 in Staves
   599 | D        | Reached XP level 9. HP: 33/86 MP: 8/8
   854 | D        | Noticed a flayed ghost
   860 | D        | Received a gift from Trog
   864 | D        | Killed a flayed ghost
   865 | D        | Reached skill level 17 in Staves
   865 | D        | Reached skill level 1 in Stealth
   878 | D        | Noticed Prince Ribbit
   880 | D        | Noticed a two-headed ogre
   881 | D        | Noticed a boulder beetle
   881 | D        | Noticed a molten gargoyle
   881 | D        | Noticed a death yak
   884 | D        | Killed a two-headed ogre
   892 | D        | Killed a death yak
   893 | D        | Reached skill level 18 in Staves
   893 | D        | Reached skill level 10 in Armour
   893 | D        | Killed a molten gargoyle
   894 | D        | Reached XP level 10. HP: 73/100 MP: 3/9
   894 | D        | Killed a boulder beetle
   900 | D        | Killed Prince Ribbit
  1162 | D        | Received a gift from Trog
  1171 | D        | Reached skill level 19 in Staves
  1348 | D        | Received a gift from Trog
  1349 | D        | Reached ****** piety under Trog
  1356 | D        | Received a gift from Trog
  1365 | D        | Noticed a manticore
  1369 | D        | Received a gift from Trog
  1370 | D        | Killed a manticore
  1372 | D        | Reached skill level 15 in Fighting
  1649 | D        | Noticed a merfolk avatar
  1650 | D        | Noticed a spriggan defender
  1667 | D        | HP: 1/157 [spriggan defender/+3 rapier of speed (9)]
  1668 | D        | Annihilated by a spriggan defender

Illustrated notes

Levels and vault maps discovered:
D:        pitsprint [storerooms_1, entrance_room_1, metal_vault_4, armoury_2,
          mini_pit_1, grid_room_1, main_hall_1, silver_pit, the_coven_3,
          the_vestibule_1, steel_vault_3, golden_pit, hallway_of_sentries,
          crystal_vault_2, iron_vault_1, final_vault]

Skill      XL: |  1  2  3  4  5  6  7  8  9 10 |
---------------+-------------------------------+-----
Fighting       | 4 5 7 8 10 12 15 | 15.1
Staves         | 6 8 9 10 12 14 16 18 19 | 19.6
Dodging        | 5 6 7 8 9 10 11 12 | 12.0
Throwing       | 3 4 5 |  5.4
Armour         | 1 2 3 5 8 10 13 | 13.6
Stealth        | 2 3 |  3.1

Action                     |  1- 3 |  4- 6 |  7- 9 | 10-12 || total
---------------------------+-------+-------+-------+-------++-------
  Melee: Quarterstaff      |    13 |    28 |    62 |       ||   103
         Headbutt          |     2 |     5 |    19 |     5 ||    31
         Lajatang          |       |       |    10 |    55 ||    65
  Throw: Throwing net      |       |       |     1 |       ||     1
 Invoke: Berserk           |     1 |     1 |     2 |     3 ||     7
         Brothers in Arms  |       |       |     1 |     1 ||     2
    Use: Potion            |       |       |     4 |       ||     4
   Stab: Distracted        |       |       |     1 |       ||     1
 Armour: Leather armour    |     2 |     2 |       |       ||     4
         Scale mail        |       |     7 |     6 |       ||    13
         Chain mail        |       |       |     6 |    40 ||    46
  Dodge: Dodged            |     5 |    15 |    22 |    57 ||    99
